[Event "Titled Tuesday Blitz January 04 2022"]
[White "Jumanov, Elbek"]
[Black "Zhigalko, Sergei"]
[WhiteFideId "14202905"]
[BlackFideId "13502956"]
[WhiteElo "2054"]
[BlackElo "2662"]
[Result "0-1"]
[Round "01"]
[TimeControl "180+1"]
[Date "2022.01.04"]
[WhiteClock "0:00:06"]
[BlackClock "0:00:18"]

1. c4 e5 2. g3 Nf6 3. Bg2 c6 4. d4 exd4 5. Qxd4 Na6 6. Nf3 Bc5 7. Qd1 O-O 8. O-O Re8 9. Nc3 Bf8 10. b3 Nc5 11. Bb2 a5 12. a3 Qb6 13. Nd2 d6 14. Qc2 Bg4 15. Rfe1 Bh5 16. e4 Ng4 17. Rf1 Ne5 18. Rab1 Ne6 19. Na4 Qa7 20. c5 Be2 21. f4 Bxf1 22. Rxf1 Nd7 23. Kh1 Nexc5 24. Nc4 b5 25. Nxc5 Qxc5 26. b4 Qxc4 27. Qd2 axb4 28. Rc1 Qb3 29. e5 bxa3 30. Ba1 dxe5 31. Bxc6 Rad8 32. Bxd7 Re7 33. Rc7 Rexd7 34. Rxd7 Rxd7 35. Qxd7 Qf3+ 36. Kg1 Bc5+ 0-1


[Site "https://www.chess.com"]

[Event "Titled Tuesday Blitz January 04 2022"]
[White "Karas, Marek"]
[Black "Howell, David W L"]
[WhiteFideId "14928558"]
[BlackFideId "410608"]
[WhiteElo "2270"]
[BlackElo "2559"]
[Result "0-1"]
[Round "01"]
[TimeControl "180+1"]
[Date "2022.01.04"]
[WhiteClock "0:00:04"]
[BlackClock "0:00:16"]

1. d4 Nf6 2. Bf4 c5 3. e3 Qb6 4. Na3 cxd4 5. exd4 d6 6. Nc4 Qc7 7. h3 g6 8. Nf3 Bg7 9. Be2 O-O 10. O-O Nd5 11. Bh2 Nc6 12. c3 h6 13. a4 Rd8 14. Qc1 e5 15. dxe5 dxe5 16. Rd1 Be6 17. Bf1 Rac8 18. Ne3 Qe7 19. Nxd5 Bxd5 20. Qe3 e4 21. Nd2 f5 22. Bc4 Qe6 23. Bxd5 Rxd5 24. Nf1 Rcd8 25. Rxd5 Qxd5 26. Qe2 Kh7 27. Ne3 Qb3 28. Qb5 Qf7 29. Rd1 Rxd1+ 30. Nxd1 a6 31. Qb6 f4 32. Qc5 Qd7 33. Bxf4 Qxd1+ 34. Kh2 Qd7 35. b3 Qe7 36. Qc4 Be5 37. Qxe4 Bxc3 38. Qd5 Be5 39. Bg3 Bxg3+ 40. fxg3 Kg7 41. Qc4 h5 42. Qc3+ Qe5 43. Qc4 a5 44. Qh4 Nd4 0-1


[Site "https://www.chess.com"]

[Event "Titled Tuesday Blitz January 04 2022"]
[White "Kashefi, Amir Hosein"]
[Black "Guseinov, Gadir"]
[WhiteFideId "12557935"]
[BlackFideId "13401378"]
[WhiteElo "2098"]
[BlackElo "2581"]
[Result "0-1"]
[Round "01"]
[TimeControl "180+1"]
[Date "2022.01.04"]
[WhiteClock "0:00:02"]
[BlackClock "0:00:18"]

1. d4 Nf6 2. Nf3 g6 3. g3 Bg7 4. Bg2 O-O 5. O-O d6 6. b3 c5 7. e3 Nc6 8. Bb2 Rb8 9. Nbd2 b5 10. dxc5 dxc5 11. c4 Ba6 12. Ne5 Nxe5 13. Bxe5 Qa5 14. Bxb8 Rxb8 15. Qc2 Ng4 16. Rac1 Ne5 17. cxb5 Bxb5 18. Rfd1 Nd3 19. Rb1 Nb4 20. Qxc5 Nd3 21. Qxe7 Qxa2 22. Bd5 Rf8 23. Bc4 Bxc4 24. bxc4 a5 25. Qd6 Qc2 26. Ne4 Nb2 27. Rxb2 Qxb2 28. Rd2 Qb1+ 29. Kg2 Qxe4+ 30. f3 Qxc4 31. e4 a4 32. e5 Qc3 33. f4 a3 34. Rd3 Qb2+ 35. Rd2 Qc1 36. Qd5 Rb8 37. Kh3 Qc8+ 38. Kg2 Qb7 0-1


[Site "https://www.chess.com"]

[Event "Titled Tuesday Blitz January 04 2022"]
[White "Kobalia, Mikhail"]
[Black "Berezin, Viktor"]
[WhiteFideId "4119150"]
[BlackFideId "14107872"]
[WhiteElo "2667"]
[BlackElo "2310"]
[Result "1-0"]
[Round "01"]
[TimeControl "180+1"]
[Date "2022.01.04"]
[WhiteClock "0:01:54"]
[BlackClock "0:01:01"]

1. e4 d5 2. exd5 Nf6 3. d4 Bg4 4. Be2 Bxe2 5. Qxe2 Qxd5 6. Nf3 e6 7. c4 Qf5 8. Nc3 Nc6 9. h3 O-O-O 10. Be3 Bb4 11. O-O Bxc3 12. bxc3 Ne4 13. Qb2 Na5 14. c5 b6 15. Ne5 Rhf8 16. Qb5 f6 17. Nc4 Nxc4 18. Qxc4 Qd5 19. Qa6+ Qb7 20. Qa3 e5 21. Rfe1 Rfe8 22. Rad1 exd4 23. cxd4 Qd5 24. Qxa7 Qb7 25. Qa3 Qd5 26. Rc1 b5 27. c6 Kb8 28. Qa6 Nd6 29. Bf4 1-0


[Site "https://www.chess.com"]

[Event "Titled Tuesday Blitz January 04 2022"]
[White "Koelle, Tobias"]
[Black "Ibrahimli, Murad"]
[WhiteFideId "16207378"]
[BlackFideId "13410229"]
[WhiteElo "2541"]
[BlackElo "2109"]
[Result "0-1"]
[Round "01"]
[TimeControl "180+1"]
[Date "2022.01.04"]
[WhiteClock "0:01:06"]
[BlackClock "0:01:10"]

1. d4 Nf6 2. Nf3 e6 3. g3 b5 4. Bg2 Bb7 5. O-O Be7 6. a4 b4 7. c3 O-O 8. Re1 a5 9. cxb4 Bxb4 10. Nc3 Na6 11. Qc2 c5 12. dxc5 Nxc5 13. Bf4 Rc8 14. Nb5 Bxe1 15. Rxe1 Nce4 16. Qb1 Ng4 17. Ng5 Nxg5 18. Bxb7 Nh3+ 19. Kf1 Nxf4 20. Bxc8 Qxc8 21. gxf4 Qc5 22. e3 Qh5 23. Qe4 f5 24. Qb7 d5 25. Ke2 Ne5+ 26. Kd2 Nf3+ 27. Ke2 Nxe1+ 28. Kxe1 Qxh2 29. Nd4 Qg1+ 30. Ke2 Qg4+ 31. Ke1 Qg6 32. Qe7 h5 33. Nf3 Rc8 34. Ne5 Qg1+ 35. Ke2 Rc2+ 36. Kd3 Qd1# 0-1


[Site "https://www.chess.com"]

[Event "Titled Tuesday Blitz January 04 2022"]
[White "Lehtosaari, Mauri"]
[Black "Perez Ponsa, Federico"]
[WhiteFideId "501999"]
[BlackFideId "117927"]
[WhiteElo "2488"]
[BlackElo "2672"]
[Result "0-1"]
[Round "01"]
[TimeControl "180+1"]
[Date "2022.01.04"]
[WhiteClock "0:00:09"]
[BlackClock "0:00:33"]

1. d4 Nf6 2. Nf3 d5 3. Bg5 h6 4. Bxf6 exf6 5. Nbd2 g6 6. e3 f5 7. c4 dxc4 8. Bxc4 Bd6 9. h4 Nd7 10. h5 g5 11. Qc2 Nb6 12. Bd3 Qf6 13. Nc4 Bb4+ 14. Nfd2 O-O 15. a3 Be7 16. Ne5 c5 17. f4 cxd4 18. exd4 Nd5 19. fxg5 hxg5 20. Ndf3 g4 21. Nh4 Ne3 22. Qe2 Qg5 23. g3 f4 24. h6 Qxh6 25. gxf4 Bxh4+ 26. Kd2 Qxf4 27. Qxe3 Qxe3+ 28. Kxe3 Bg5+ 29. Ke2 f5 30. Rh5 Bf6 31. Rah1 Be6 32. Rh6 Rae8 33. Rg6+ Bg7 34. Rh5 Rf6 35. Rgg5 Bf7 36. Rh1 Kf8 37. Kf2 Be6 38. Rh7 Re7 39. Rhh5 Rh6 40. Bxf5 Rxh5 41. Rxh5 Bxe5 42. dxe5 Rf7 43. Rh8+ Ke7 0-1


[Site "https://www.chess.com"]

[Event "Titled Tuesday Blitz January 04 2022"]
[White "Martin Duque, Jesus"]
[Black "Nepomniachtchi, Ian"]
[WhiteFideId "2208954"]
[BlackFideId "4168119"]
[WhiteElo "2243"]
[BlackElo "2740"]
[Result "0-1"]
[Round "01"]
[TimeControl "180+1"]
[Date "2022.01.04"]
[WhiteClock "0:00:07"]
[BlackClock "0:01:54"]

1. Nf3 d5 2. b3 Bg4 3. Bb2 Nd7 4. e3 e5 5. h3 Bxf3 6. Qxf3 Ngf6 7. g4 h6 8. Nc3 c6 9. h4 e4 10. Qg2 h5 11. g5 Ng4 12. O-O-O Qa5 13. Kb1 Ba3 14. Ba1 O-O-O 15. Be2 Nde5 16. d4 exd3 17. cxd3 d4 18. exd4 Rxd4 19. Ne4 Rhd8 20. f4 Ne3 21. Qh3+ N5g4 22. Bxg4+ Nxg4 23. Bxd4 Rxd4 24. Rhe1 Qf5 25. Qf3 a5 26. Ng3 Qc5 27. Ne4 Qd5 28. f5 Ne5 29. Qxh5 Rxd3 30. Nc3 Qd4 31. Rxe5 Qxc3 32. Re8+ Kc7 33. Qxf7+ Kb6 0-1


[Site "https://www.chess.com"]

[Event "Titled Tuesday Blitz January 04 2022"]
[White "Martinez Alcantara, Jose Eduardo"]
[Black "Seul, Georg"]
[WhiteFideId "3805662"]
[BlackFideId "4601653"]
[WhiteElo "2690"]
[BlackElo "2271"]
[Result "1-0"]
[Round "01"]
[TimeControl "180+1"]
[Date "2022.01.04"]
[WhiteClock "0:01:21"]
[BlackClock "0:00:18"]

1. e4 c6 2. d4 d5 3. e5 c5 4. dxc5 e6 5. Be3 Nd7 6. Bb5 Ne7 7. Nf3 a6 8. Bxd7+ Bxd7 9. c3 Ng6 10. O-O Qc7 11. Nbd2 Bxc5 12. Bxc5 Qxc5 13. Nb3 Qc7 14. Re1 O-O 15. Nbd4 Rae8 16. Qd2 f6 17. Qe3 Bc8 18. h4 Qf7 19. Re2 h6 20. h5 Nxe5 21. Nxe5 fxe5 22. Qxe5 Qf6 23. Rae1 Qxe5 24. Rxe5 Kf7 25. f3 Bd7 26. Kh2 Rg8 27. g4 b5 28. Kg3 a5 29. a3 Re7 30. Nf5 Ree8 31. Nd6+ Kf6 32. Nxe8+ Rxe8 33. f4 Rc8 34. g5+ hxg5 35. fxg5+ Kf7 36. Rf1+ Ke7 37. g6 Kd6 38. Rg5 b4 39. cxb4 axb4 40. axb4 Rc2 41. h6 gxh6 42. g7 1-0


[Site "https://www.chess.com"]

[Event "Titled Tuesday Blitz January 04 2022"]
[White "Mickiewicz, Piotr"]
[Black "Nesterov, Arseniy"]
[WhiteFideId "1114891"]
[BlackFideId "24198455"]
[WhiteElo "2266"]
[BlackElo "2489"]
[Result "0-1"]
[Round "01"]
[TimeControl "180+1"]
[Date "2022.01.04"]
[WhiteClock "0:00:01"]
[BlackClock "0:00:23"]

1. e4 e5 2. Nf3 Nc6 3. Bb5 a6 4. Ba4 b5 5. Bb3 Na5 6. d4 exd4 7. Qxd4 Bb7 8. O-O d6 9. Qd3 Nf6 10. Nc3 Be7 11. Re1 O-O 12. Bf4 Nxb3 13. axb3 b4 14. Nd5 Nxd5 15. exd5 Bf6 16. c3 a5 17. Rad1 Qd7 18. Bg5 Qd8 19. Bxf6 Qxf6 20. Rd2 g6 21. Rde2 bxc3 22. bxc3 Ba6 23. c4 Rab8 24. Nd4 a4 25. bxa4 Rb4 26. Rc2 Rxa4 27. Nc6 Kg7 28. g3 Bb7 29. Rb1 Bxc6 30. dxc6 Ra6 31. Rb7 Rxc6 32. c5 dxc5 33. Qd5 Rd8 34. Qe4 Rd4 35. Qe3 Re6 36. Qc3 Rc6 37. Kg2 c4 38. Qf3 Qxf3+ 39. Kxf3 Rd3+ 40. Ke2 Ra3 41. Rb4 c3 42. Kd3 Rd6+ 43. Rd4 Kf6 44. f4 Kf5 45. h3 h5 46. Rf2 c2+ 0-1


[Site "https://www.chess.com"]

[Event "Titled Tuesday Blitz January 04 2022"]
[White "Migot, Tangi"]
[Black "Jobava, Baadur"]
[WhiteFideId "662445"]
[BlackFideId "13601520"]
[WhiteElo "2475"]
[BlackElo "2617"]
[Result "1-0"]
[Round "01"]
[TimeControl "180+1"]
[Date "2022.01.04"]
[WhiteClock "0:00:10"]
[BlackClock "0:00:40"]

1. e4 e6 2. d4 d5 3. Nc3 dxe4 4. Nxe4 Bd7 5. Nf3 Bc6 6. Bd3 Nd7 7. Bf4 Ngf6 8. Ng3 Bd6 9. Bxd6 cxd6 10. Qe2 O-O 11. O-O-O Rc8 12. Kb1 Nd5 13. Qd2 b5 14. h4 b4 15. Ka1 Qa5 16. Ne2 N7f6 17. Nc1 Nc3 18. Rde1 Bxf3 19. gxf3 Nfd5 20. Rhg1 Kh8 21. Bxh7 Nf6 22. Bd3 Rg8 23. Qg5 Ncd5 24. h5 Qb6 25. Re4 Nxe4 26. fxe4 f6 27. Qg4 Nc7 28. Qg6 Qxd4 29. h6 f5 30. exf5 Ne8 31. hxg7+ Rxg7 32. Rh1+ Kg8 33. Qxe6+ Kf8 34. Rh8+ 1-0


[Site "https://www.chess.com"]

[Event "Titled Tuesday Blitz January 04 2022"]
[White "Mkrtchian, Lilit"]
[Black "Terry, Renato"]
[WhiteFideId "13300601"]
[BlackFideId "3803457"]
[WhiteElo "2310"]
[BlackElo "2577"]
[Result "0-1"]
[Round "01"]
[TimeControl "180+1"]
[Date "2022.01.04"]
[WhiteClock "0:00:04"]
[BlackClock "0:00:54"]

1. c4 b6 2. Nc3 Bb7 3. e4 e6 4. g3 c5 5. Bg2 Nc6 6. Nge2 Nd4 7. Nxd4 cxd4 8. Ne2 e5 9. O-O Nf6 10. d3 Be7 11. f4 d6 12. h3 O-O 13. g4 Nd7 14. Ng3 g6 15. f5 Bg5 16. Rf3 Rc8 17. Bd2 a6 18. Qc1 Bxd2 19. Qxd2 Qh4 20. Raf1 b5 21. b3 bxc4 22. bxc4 Nc5 23. Nh1 Bc6 24. Nf2 h6 25. Qa5 Qd8 26. Qd2 Qg5 27. Qxg5 hxg5 28. Nd1 Rb8 29. fxg6 fxg6 30. Rxf8+ Rxf8 31. Rxf8+ Kxf8 32. Bf1 Ke7 33. Kf2 Kd8 34. Nb2 Kc7 35. Kg3 Ne6 36. h4 gxh4+ 37. Kxh4 Kb6 38. Be2 g5+ 39. Kg3 Kc5 40. a3 Nf4 41. Bd1 Kb6 42. Bb3 Ne6 43. Bc2 Nc5 44. Kf3 Bd7 45. Kg3 Ne6 46. Bd1 Nf4 47. Kf2 Ka5 48. Bf3 Ba4 49. Kg3 Bc2 50. Kf2 Nxd3+ 0-1


[Site "https://www.chess.com"]

[Event "Titled Tuesday Blitz January 04 2022"]
[White "Nakamura, Hikaru"]
[Black "Urbina Perez, Juan Antonio"]
[WhiteFideId "2016192"]
[BlackFideId "2217368"]
[WhiteElo "2850"]
[BlackElo "2192"]
[Result "1-0"]
[Round "01"]
[TimeControl "180+1"]
[Date "2022.01.04"]
[WhiteClock "0:00:45"]
[BlackClock "0:00:08"]

1. Nf3 d5 2. e3 Nf6 3. c4 c6 4. d4 a6 5. Bd3 dxc4 6. Bxc4 e6 7. Qc2 b5 8. Be2 Bb7 9. a3 Nbd7 10. b4 a5 11. bxa5 Qxa5+ 12. Nbd2 c5 13. O-O Be7 14. Rb1 Ba6 15. dxc5 Nxc5 16. Nd4 Rb8 17. Nc6 Qc7 18. Nxb8 Qxb8 19. Nb3 Nxb3 20. Qxb3 O-O 21. a4 Qe5 22. axb5 Bb7 23. Ba3 Qg5 24. f3 Bxa3 25. Qxa3 Nd5 26. Rb3 h5 27. Bc4 Nb6 28. Be2 h4 29. h3 Nd5 30. Qc1 Rc8 31. Qd2 Nf6 32. Rf2 Bd5 33. Rb2 Nh5 34. f4 Qg6 35. Bxh5 Qxh5 36. b6 Bb7 37. Rc2 Ra8 38. Rc1 Qg6 39. Qd7 Qe4 40. Rc7 Ra1+ 41. Kh2 Qg6 42. Qd8+ Kh7 43. Qxh4+ 1-0


[Site "https://www.chess.com"]

[Event "Titled Tuesday Blitz January 04 2022"]
[White "Narayanan.S.L"]
[Black "Krasilnikov, Evgeni"]
[WhiteFideId "5058422"]
[BlackFideId "4139739"]
[WhiteElo "2494"]
[BlackElo "2295"]
[Result "1-0"]
[Round "01"]
[TimeControl "180+1"]
[Date "2022.01.04"]
[WhiteClock "0:02:24"]
[BlackClock "0:02:02"]

1. Nf3 Nf6 2. c4 g6 3. Nc3 Bg7 4. e4 d6 5. d4 O-O 6. h3 e5 7. d5 a5 8. g4 Na6 9. Be3 Nc5 10. Nd2 Ne8 11. Rg1 Kh8 12. Be2 f5 13. gxf5 gxf5 14. exf5 Bxf5 15. Bxc5 dxc5 16. Bg4 Bg6 17. Qe2 Nd6 18. O-O-O Rf4 19. Bh5 Bf5 20. Rxg7 Kxg7 21. Qxe5+ Kh6 22. Qxf4+ Kxh5 23. Rg1 Qh4 24. Qf3+ Kh6 25. Qe3+ Kh5 26. Nf3 1-0


[Site "https://www.chess.com"]

[Event "Titled Tuesday Blitz January 04 2022"]
[White "Nguyen, Ngoc Truong Son"]
[Black "Fedorovsky, Michael"]
[WhiteFideId "12401110"]
[BlackFideId "14105454"]
[WhiteElo "2596"]
[BlackElo "2279"]
[Result "1-0"]
[Round "01"]
[TimeControl "180+1"]
[Date "2022.01.04"]
[WhiteClock "0:00:15"]
[BlackClock "0:00:01"]

1. d4 Nf6 2. Nf3 d5 3. Bf4 c5 4. e3 Nc6 5. Nbd2 Bg4 6. c3 e6 7. Bd3 Bd6 8. Bg3 O-O 9. Qb1 Bxf3 10. Nxf3 h6 11. dxc5 Bxc5 12. O-O Qe7 13. Rd1 e5 14. Bb5 e4 15. Nd4 Nxd4 16. cxd4 Bd6 17. Qc2 Bxg3 18. hxg3 Rac8 19. Qb3 Qe6 20. Be2 Rc7 21. Rac1 Rfc8 22. Rxc7 Rxc7 23. Qb4 Qb6 24. Qxb6 axb6 25. Rb1 Kf8 26. Kf1 h5 27. f3 g6 28. Ke1 Ke7 29. Kd2 Kd6 30. Rf1 Ke6 31. Bd1 exf3 32. gxf3 Ne8 33. Bb3 Nd6 34. e4 Nc4+ 35. Bxc4 Rxc4 36. Kd3 b5 37. Re1 f6 38. e5 f5 39. f4 Ra4 40. Ra1 Rc4 41. a3 Rc6 42. Rd1 Rc4 43. Rd2 Rc6 44. Rc2 Rc4 45. b3 Rxc2 46. Kxc2 Ke7 47. Kd3 Ke6 48. Ke3 Ke7 49. Kf2 Ke6 50. Kg2 Ke7 51. Kh3 1-0


[Site "https://www.chess.com"]

[Event "Titled Tuesday Blitz January 04 2022"]
[White "Nogerbek, Kazybek"]
[Black "Mei, Austin"]
[WhiteFideId "13710427"]
[BlackFideId "30948479"]
[WhiteElo "2478"]
[BlackElo "1936"]
[Result "0-1"]
[Round "01"]
[TimeControl "180+1"]
[Date "2022.01.04"]
[WhiteClock "0:01:08"]
[BlackClock "0:00:15"]

1. c4 f5 2. g3 Nf6 3. Bg2 g6 4. Nc3 Bg7 5. d4 O-O 6. Nf3 d6 7. O-O Nc6 8. d5 Na5 9. Qd3 c5 10. Nd2 a6 11. e4 fxe4 12. Ndxe4 Rb8 13. Nxf6+ Bxf6 14. Bh6 Bf5 15. Qe2 Rf7 16. Ne4 b5 17. Nxf6+ exf6 18. b3 bxc4 19. Rfe1 cxb3 20. axb3 Nxb3 21. Rxa6 Nd4 22. Qd2 Re7 23. Bf4 Rxe1+ 24. Qxe1 Rb1 25. Qxb1 Bxb1 26. Rxd6 Qa5 27. Bf1 Qe1 28. Bh6 Bd3 29. Rd8+ Kf7 30. Rf8+ Ke7 31. d6+ Kxd6 32. Rxf6+ Kd5 0-1


[Site "https://www.chess.com"]

[Event "Titled Tuesday Blitz January 04 2022"]
[White "Piorun, Kacper"]
[Black "Cremisi, Daniel"]
[WhiteFideId "1130420"]
[BlackFideId "2089882"]
[WhiteElo "2571"]
[BlackElo "2172"]
[Result "1-0"]
[Round "01"]
[TimeControl "180+1"]
[Date "2022.01.04"]
[WhiteClock "0:00:44"]
[BlackClock "0:00:13"]

1. e4 e6 2. d4 d5 3. e5 c5 4. c3 Nc6 5. Nf3 Qb6 6. Bd3 cxd4 7. O-O Bd7 8. Re1 dxc3 9. Nxc3 Nge7 10. h4 f6 11. Na4 Qc7 12. exf6 gxf6 13. Nc5 e5 14. Ng5 fxg5 15. Qh5+ Kd8 16. Bxg5 Kc8 17. Rac1 e4 18. Be2 Qe5 19. Nxd7 Kxd7 20. Bg4+ Kc7 21. g3 Ng6 22. Bf4 Nxf4 23. Qxe5+ Bd6 24. Qg7+ Kb6 25. gxf4 Rhg8 26. Qd7 Bxf4 27. Kf1 Bxc1 28. Rxc1 Rad8 29. Qe6 Rde8 30. Qxd5 Rxg4 31. b4 Reg8 32. Qc5+ Kc7 33. b5 Rg1+ 34. Ke2 Rxc1 35. Qxc1 Rg6 36. bxc6 Rxc6 37. Qf4+ Kd7 38. Qf7+ Kd6 39. Qxb7 Rc2+ 40. Ke3 Rxa2 41. Qb4+ Ke5 42. Qd4+ 1-0


[Site "https://www.chess.com"]

[Event "Titled Tuesday Blitz January 04 2022"]
[White "Purtseladze, Maka"]
[Black "Sanal, Vahap"]
[WhiteFideId "13602659"]
[BlackFideId "6300545"]
[WhiteElo "2192"]
[BlackElo "2603"]
[Result "0-1"]
[Round "01"]
[TimeControl "180+1"]
[Date "2022.01.04"]
[WhiteClock "0:00:07"]
[BlackClock "0:00:37"]

1. d4 Nf6 2. Bg5 d5 3. e3 e6 4. Bd3 Be7 5. Nd2 Nbd7 6. f4 b6 7. Ngf3 Bb7 8. O-O Ne4 9. Bxe7 Qxe7 10. Ne5 O-O 11. a4 a6 12. Rf3 f6 13. Nxd7 Qxd7 14. Rh3 g6 15. Qe1 b5 16. Bxe4 dxe4 17. Nb3 Bd5 18. Nc5 Qe7 19. a5 e5 20. Qh4 exd4 21. exd4 Rf7 22. f5 g5 23. Qh6 Qd6 24. Re1 Re8 25. c3 Qf4 26. Rhe3 Qxf5 27. Rf1 Qg6 28. Qxg6+ hxg6 29. Nxa6 f5 30. Rg3 g4 31. Nc5 e3 32. h3 Kg7 33. Re1 gxh3 34. Rgxe3 Rxe3 35. Rxe3 hxg2 36. a6 Rf8 37. Re7+ Kf6 38. Rxc7 Rh8 39. Nd7+ Kg5 0-1


[Site "https://www.chess.com"]

[Event "Titled Tuesday Blitz January 04 2022"]
[White "Samadov, Read"]
[Black "Aggelis, Nikolaos"]
[WhiteFideId "13417444"]
[BlackFideId "4213220"]
[WhiteElo "2084"]
[BlackElo "2154"]
[Result "1-0"]
[Round "01"]
[TimeControl "180+1"]
[Date "2022.01.04"]
[WhiteClock "0:01:00"]
[BlackClock "0:00:08"]

1. d4 Nf6 2. c4 g6 3. Nc3 d5 4. cxd5 Nxd5 5. e4 Nxc3 6. bxc3 Bg7 7. Bc4 b6 8. Ne2 Bb7 9. Bd3 c5 10. O-O Nc6 11. d5 Ne5 12. Bb5+ Nd7 13. Rb1 a6 14. Bxd7+ Kxd7 15. c4 Ke8 16. Qa4+ Kf8 17. Bb2 b5 18. cxb5 axb5 19. Qxb5 Ba6 20. Bxg7+ Kxg7 21. Qb2+ f6 22. Rfc1 Bxe2 23. Qxe2 Qa5 24. e5 Qxa2 25. exf6+ exf6 26. Qe7+ Kh6 27. Qxf6 Qxd5 28. Rc3 Qf5 29. Rh3+ Qxh3 30. gxh3 Rhf8 31. Qh4+ Kg7 32. Rb7+ Rf7 33. Rxf7+ Kxf7 34. Qf4+ Kg7 35. Qe5+ Kh6 36. Qxc5 Ra4 37. Qf8+ Kh5 38. Qg7 Rf4 39. Qxh7+ Kg5 40. Qe7+ Kh5 41. Kg2 Rf5 42. Qh7+ Kg5 43. Kg3 Kf6 44. f4 Rh5 45. Qd7 Rf5 46. Kg4 Rh5 47. Qd6+ Kg7 48. Qe7+ Kh6 49. Qf8+ Kh7 50. h4 Ra5 51. Qf7+ Kh6 52. Qg8 Ra7 53. Qh8+ Rh7 54. Qf8+ Rg7 55. Qxg7+ Kxg7 56. Kg5 Kh7 57. h5 gxh5 58. Kxh5 1-0


[Site "https://www.chess.com"]

[Event "Titled Tuesday Blitz January 04 2022"]
[White "Silva, Miguel Antonio Neto"]
[Black "Hakobyan, Aram"]
[WhiteFideId "1911929"]
[BlackFideId "13306677"]
[WhiteElo "2204"]
[BlackElo "2557"]
[Result "0-1"]
[Round "01"]
[TimeControl "180+1"]
[Date "2022.01.04"]
[WhiteClock "0:01:42"]
[BlackClock "0:01:03"]

1. e4 c6 2. d4 d5 3. exd5 cxd5 4. Bd3 Nf6 5. c3 Bg4 6. Qb3 Qc7 7. Bg5 e6 8. Nd2 Nc6 9. Bh4 Bd6 10. Ngf3 Bh5 11. O-O Bg6 12. Bxg6 hxg6 13. Bg3 Bxg3 14. fxg3 O-O-O 15. Rae1 Kb8 16. Qd1 Rh5 17. Qe2 Rdh8 18. b4 Ng4 19. h3 Qxg3 20. b5 Rxh3 0-1


[Site "https://www.chess.com"]

[Event "Titled Tuesday Blitz January 04 2022"]
[White "Svane, Rasmus"]
[Black "Tomiello, Lucas Costamilan"]
[WhiteFideId "4657101"]
[BlackFideId "22701940"]
[WhiteElo "2645"]
[BlackElo "1945"]
[Result "1-0"]
[Round "01"]
[TimeControl "180+1"]
[Date "2022.01.04"]
[WhiteClock "0:00:22"]
[BlackClock "0:00:08"]

1. Nf3 Nf6 2. g3 g6 3. Bg2 Bg7 4. O-O O-O 5. d4 d5 6. c4 dxc4 7. Na3 Nc6 8. Nxc4 Be6 9. b3 Bd5 10. Bb2 a5 11. a4 Qb8 12. Nfe5 Bxg2 13. Kxg2 Rd8 14. Nxc6 bxc6 15. Qc2 Nd5 16. Rac1 Nb4 17. Qb1 Bxd4 18. Rfd1 Bxb2 19. Qxb2 Rd5 20. Ne3 Rxd1 21. Rxd1 Qc8 22. Qe5 Qe6 23. Qxc7 Nd5 24. Nxd5 cxd5 25. Qb7 Rd8 26. Qb5 d4 27. Qxa5 Qe4+ 28. Kg1 Rb8 29. Qd2 Rxb3 30. Ra1 d3 31. exd3 Rxd3 32. Qb2 Qd5 33. Qb1 Rd2 34. Qe1 Ra2 35. Rxa2 Qxa2 36. a5 e6 37. h4 h5 38. Qb4 Kg7 39. Qb6 Qa1+ 40. Kg2 Qd1 41. a6 Qd5+ 42. Kh2 g5 43. hxg5 h4 44. gxh4 Qe5+ 45. Kh3 Qf5+ 46. Kg3 Qe5+ 47. Kf3 Qd5+ 48. Ke3 Qe5+ 49. Kd3 Qd5+ 50. Qd4+ 1-0


[Site "https://www.chess.com"]

[Event "Titled Tuesday Blitz January 04 2022"]
[White "Timofeev, Artyom"]
[Black "Przybylski, Wojciech"]
[WhiteFideId "4140419"]
[BlackFideId "1117599"]
[WhiteElo "2583"]
[BlackElo "2133"]
[Result "1-0"]
[Round "01"]
[TimeControl "180+1"]
[Date "2022.01.04"]
[WhiteClock "0:00:33"]
[BlackClock "0:00:03"]

1. d4 Nf6 2. Nf3 d5 3. c4 c6 4. g3 Bg4 5. Bg2 e6 6. O-O Nbd7 7. Nc3 Be7 8. h3 Bxf3 9. Bxf3 O-O 10. b3 Re8 11. Bb2 Qa5 12. Bg2 Ba3 13. Qc1 Bxb2 14. Qxb2 Qb6 15. Qd2 Rad8 16. Rfd1 h6 17. Rac1 Nf8 18. e3 Ng6 19. Qc2 Ne7 20. Na4 Qc7 21. Nc5 Nf5 22. Nd3 Nd6 23. Ne5 Nde4 24. b4 Nd6 25. a4 Nxc4 26. Nxc4 dxc4 27. Qxc4 Qd7 28. b5 cxb5 29. Qxb5 Qxb5 30. axb5 Nd5 31. Kf1 a6 32. bxa6 bxa6 33. Ra1 Ra8 34. Ra5 Red8 35. Rda1 Rd6 36. e4 Nc7 37. e5 Rxd4 38. Bxa8 Nxa8 39. Rxa6 Nc7 40. R6a4 Rd2 41. R4a2 Rd4 42. Re2 Nd5 43. Rae1 Kh7 44. Kg2 Rd3 45. h4 h5 46. Ra2 Rd4 47. Ra7 Kg6 48. Re2 Rc4 49. Rb2 Re4 50. f4 Re1 51. Rbb7 Re2+ 52. Kf3 Re3+ 53. Kf2 Rc3 54. Rxf7 Rc2+ 55. Ke1 Ne3 56. Rxg7+ Kf5 57. Ra4 Ng2+ 58. Kf1 Ne3+ 59. Kg1 Rc1+ 60. Kf2 Ng4+ 61. Ke2 Rc2+ 62. Kd3 1-0


[Site "https://www.chess.com"]

[Event "Titled Tuesday Blitz January 04 2022"]
[White "Tsydypov, Zhamsaran"]
[Black "Jary, Sergey"]
[WhiteFideId "4108566"]
[BlackFideId "14110350"]
[WhiteElo "2614"]
[BlackElo "2260"]
[Result "1-0"]
[Round "01"]
[TimeControl "180+1"]
[Date "2022.01.04"]
[WhiteClock "0:01:08"]
[BlackClock "0:00:23"]

1. e4 c5 2. Nf3 Nc6 3. Bb5 Qc7 4. O-O a6 5. Bxc6 Qxc6 6. Nc3 e6 7. Re1 Qc7 8. d4 cxd4 9. Qxd4 Ne7 10. Bg5 f6 11. Bh4 b5 12. Rad1 Ng6 13. Bg3 Qc5 14. Qd3 Be7 15. a3 O-O 16. Bd6 Bxd6 17. Qxd6 Qxd6 18. Rxd6 Ra7 19. e5 Kf7 20. Rd4 Rd8 21. Ne4 Ke7 22. Nd6 Bb7 23. exf6+ gxf6 24. Nd2 Bc6 25. f4 Rc7 26. g3 a5 27. c4 bxc4 28. N2xc4 Rb8 29. h4 h5 30. Kf2 a4 31. Rd2 Bb5 32. Ne3 Bc6 33. Ndc4 Kf8 34. Nd6 Kg8 35. Rc1 Rb6 36. Rc5 f5 37. Nec4 Rb8 38. Na5 Bd5 39. Rxc7 1-0


[Site "https://www.chess.com"]

[Event "Titled Tuesday Blitz January 04 2022"]
[White "Walentukiewicz, Michal"]
[Black "Onyshchuk, Volodymyr"]
[WhiteFideId "1126903"]
[BlackFideId "14114038"]
[WhiteElo "1995"]
[BlackElo "2642"]
[Result "0-1"]
[Round "01"]
[TimeControl "180+1"]
[Date "2022.01.04"]
[WhiteClock "0:00:30"]
[BlackClock "0:01:55"]

1. g3 g6 2. Bg2 Bg7 3. Nf3 d6 4. O-O Nd7 5. c4 e6 6. Nc3 Ne7 7. d4 O-O 8. e4 b6 9. Be3 Bb7 10. Qd2 Re8 11. b4 a6 12. a4 a5 13. b5 e5 14. dxe5 Nxe5 15. Nxe5 Bxe5 16. Bd4 c5 17. Bxe5 dxe5 18. Rad1 Qxd2 19. Rxd2 Rad8 20. Nd5 Bxd5 21. exd5 Nf5 22. Re1 Nd6 23. Bf1 Re7 24. f3 f5 25. Kf2 Kf7 26. Bd3 Kf6 27. Rde2 Rde8 28. Rc1 e4 29. fxe4 fxe4 30. Bb1 Ke5 31. g4 Kf4 32. Re3 Kxg4 33. Rg1+ Kf4 34. Rh3 Nf5 35. Ke1 Ke5 36. Kd2 Nd6 37. Rg5+ Kd4 38. Ba2 Rf7 39. Rg2 Ref8 40. Ke1 Rf1+ 0-1


[Site "https://www.chess.com"]

[Event "Titled Tuesday Blitz January 04 2022"]
[White "Xiong, Jeffery"]
[Black "Levitskiy, Andrey"]
[WhiteFideId "2047640"]
[BlackFideId "14132885"]
[WhiteElo "2727"]
[BlackElo "2301"]
[Result "1-0"]
[Round "01"]
[TimeControl "180+1"]
[Date "2022.01.04"]
[WhiteClock "0:00:42"]
[BlackClock "0:00:01"]

1. d4 Nf6 2. c4 e6 3. Nc3 Bb4 4. Nf3 c5 5. g3 d6 6. Bg2 O-O 7. O-O Nc6 8. d5 exd5 9. cxd5 Ne7 10. Nd2 Bxc3 11. bxc3 Nfxd5 12. Bb2 Nc7 13. Ne4 Nf5 14. Qd3 Qe7 15. Rfd1 d5 16. Nd2 Be6 17. e4 dxe4 18. Qxe4 Rad8 19. Nf3 b6 20. Ne5 Rxd1+ 21. Rxd1 Rd8 22. Re1 Qf6 23. c4 Nd4 24. Nc6 Re8 25. Nxd4 cxd4 26. Bxd4 Qg6 27. Qc6 Qd3 28. Be5 Bd7 29. Qxc7 Qd2 30. Rf1 Bg4 31. Bd5 Bh5 32. Qd7 Rf8 33. Bxf7+ Bxf7 34. Qxd2 1-0


[Site "https://www.chess.com"]